AoeStats
← Joe Rogaine 4

Arabia

509823421Analyzed
2v2 RM · 3d ago on Sep 28, 2026· 51m 25s· 4 players
Game mode
Random Map
Map size
Medium (4 player)
Population
200
Speed
Normal
Resources
Standard
Victory
Conquest
Starting age
Dark Age
Ending age
Imperial Age
RankedLock teamsTeams togetherTeam positionsShared explorationLock speedFull tech treeHidden civsTurbo modeCheats
Victory
Defeat
🇺🇸 Bulgarians · United States
677
+17
🇺🇸 Spanish · United States
660
+15
🇧🇷 Huns · Brazil
496
-8
🇺🇸 Inca · United States
432
-7
Sir_HotBoi
0:57 Loom
12:20 Feudal Age
14:06 Champi Runner
17:02 Wheelbarrow
21:50 Castle Age
22:00 Fletching
22:21 Forging
22:11 Scale Mail Armor
22:12 Padded Archer Armor
Wendell, O Malakoi
2:52 Loom
11:40 Feudal Age
13:10 Man-at-Arms
14:18 Scale Mail Armor
14:24 Scale Barding Armor
15:08 Double-Bit Axe
16:26 Bloodlines
23:02 Padded Archer Armor
22:44 Horse Collar
22:59 Gold Mining
28:03 Wheelbarrow
31:21 Town Watch
36:18 Castle Age
36:00 Fletching
36:06 Stone Mining
37:20 Bow Saw
37:12 Heavy Plow
37:20 Caravan
36:47 Light Cavalry
37:46 Long Swordsman
42:50 Chain Mail Armor
42:45 Forging
43:00 Crossbowman
47:08 Masonry
47:30 Husbandry
49:13 Bodkin Arrow
Joe Rogaine 4
10:05 Feudal Age
8:20 Loom
11:36 Man-at-Arms
15:05 Bloodlines
17:36 Double-Bit Axe
22:37 Scale Barding Armor
25:04 Castle Age
25:10 Castle Age
25:23 Light Cavalry
26:32 Pikeman
30:16 Chain Barding Armor
40:20 Imperial Age
40:34 Imperial Age
39:05 Gambesons
39:33 Husbandry
49:16 Cavalier
WaffleBandito
8:13 Loom
11:04 Feudal Age
13:19 Wheelbarrow
13:47 Double-Bit Axe
18:13 Forging
19:26 Horse Collar
23:02 Scale Mail Armor
26:30 Fletching
26:41 Padded Archer Armor
33:09 Castle Age
33:55 Bodkin Arrow
36:42 Gold Mining
38:27 Caravan
39:29 Husbandry
39:41 Bloodlines
40:40 Leather Archer Armor
40:35 Scale Barding Armor
40:59 Pikeman
43:29 Ballistics
47:54 Bow Saw
50:39 Squires
50:25 Arson
50:28 Gambesons
Connection lost

Rejoining the realm…

Still unreachable

The connection could not be restored.

Session expired

The server has moved on; the page needs a fresh start.